AoeStats
← |GaoeG| flamingo

Arena

508726929Analyzed
4v4 RM · 9d ago on Sep 23, 2026· 39m 45s· 8 players
Game mode
Random Map
Map size
Large (8 player)
Population
200
Speed
Normal
Resources
Standard
Victory
Conquest
Starting age
Dark Age
Ending age
Imperial Age
RankedLock teamsTeams togetherTeam positionsShared explorationLock speedFull tech treeHidden civsTurbo modeCheats
Victory
Defeat
🇪🇸 Malians · Spain
1294
+13
🇪🇸 Spanish · Spain
1237
+15
🇪🇸 Burgundians · Spain
1184
+17
🇺🇸 Danes · United States
1181
+19
🇬🇧 Varangians · United Kingdom
1238
-17
🇬🇧 Saxons · United Kingdom
1237
-17
🇩🇪 Wu · Germany
1204
-15
🇮🇹 Muisca · Italy
1196
-15
PezMaza
9:25 Feudal Age
14:55 Castle Age
13:20 Double-Bit Axe
13:19 Horse Collar
13:51 Town Watch
15:46 Loom
20:05 Fervor
24:08 Sanctity
24:38 Heavy Plow
25:42 Wheelbarrow
26:15 Bow Saw
27:03 Gold Mining
27:04 Stone Mining
27:16 Fletching
27:26 Padded Archer Armor
30:48 Imperial Age
28:43 Hand Cart
29:17 Treadmill Crane
29:57 Ballistics
30:04 Arson
30:20 Squires
30:30 Town Patrol
32:45 Two-Man Saw
32:09 Forging
31:59 Scale Mail Armor
32:58 Conscription
33:29 Iron Casting
33:38 Gold Shaft Mining
34:56 Chain Mail Armor
34:41 Heavy Scorpion
36:33 Blast Furnace
36:30 Pikeman
37:27 Bodkin Arrow
38:03 Plate Mail Armor
37:28 Halberdier
38:43 Bracer
38:59 Leather Archer Armor
39:47 Chemistry
38:43 Murder Holes
Quintem
9:56 Feudal Age
10:21 Feudal Age
11:29 Double-Bit Axe
14:01 Castle Age
12:49 Horse Collar
15:08 Bow Saw
15:42 Loom
19:51 Sanctity
19:24 Gold Mining
23:22 Wheelbarrow
23:48 Fletching
31:12 Imperial Age
29:02 Bodkin Arrow
30:11 Crossbowman
30:15 Clerical Recruitment
31:34 Gold Shaft Mining
31:32 Arbalester
32:37 Ballistics
33:30 Hand Cart
34:17 Chemistry
33:55 Conscription
34:04 Bracer
36:09 Padded Archer Armor
37:07 Thumb Ring
Thundah
10:50 Feudal Age
15:25 Castle Age
13:28 Double-Bit Axe
13:25 Horse Collar
17:27 Bow Saw
17:22 Heavy Plow
18:14 Wheelbarrow
23:26 Hand Cart
23:54 Gold Mining
24:03 Stone Mining
27:04 Stone Shaft Mining
26:22 Town Watch
30:05 Imperial Age
28:33 Squires
28:20 Arson
28:37 Scale Mail Armor
28:47 Forging
28:45 Loom
30:03 Chain Mail Armor
31:08 Iron Casting
31:39 Conscription
31:41 Treadmill Crane
32:25 Ballistics
32:39 Plate Mail Armor
32:20 Elite Varangian Guard
34:04 Blast Furnace
35:04 Gothikon
35:37 Fletching
36:02 Fortified Wall
35:48 Murder Holes
36:53 Chemistry
37:12 Two-Man Saw
36:46 Crop Rotation
Doctorwassup
9:17 Feudal Age
14:20 Castle Age
12:51 Double-Bit Axe
15:33 Bow Saw
17:49 Stone Mining
19:28 Loom
22:38 Fletching
24:46 Wheelbarrow
24:43 Town Watch
27:16 Ballistics
27:29 Hand Cart
31:15 Imperial Age
|GaoeG| Joseba77
4:49 Double-Bit Axe
8:22 Horse Collar
12:00 Feudal Age
12:09 Feudal Age
12:09 Gold Mining
16:15 Castle Age
15:33 Bow Saw
15:42 Heavy Plow
23:56 Two-Man Saw
25:37 Wheelbarrow
26:12 Crop Rotation
27:09 Scale Barding Armor
28:06 Forging
31:01 Imperial Age
29:18 Gold Shaft Mining
29:00 Hand Cart
28:31 Loom
29:50 Iron Casting
28:46 Cavalier
30:12 Chain Barding Armor
29:56 Husbandry
30:07 Stone Mining
31:12 Coinage
30:57 Fortified Wall
30:58 Light Cavalry
31:01 Paladin
32:19 Plate Barding Armor
32:46 Blast Furnace
32:23 Masonry
31:55 Treadmill Crane
32:27 Hussar
34:37 Conscription
35:53 Banking
36:06 Conscription
35:53 Burgundian Vineyards
36:06 Guilds
39:02 Architecture
38:26 Fletching
39:15 Hoardings
|GaoeG| Tifus
11:01 Feudal Age
9:16 Loom
15:42 Castle Age
13:31 Double-Bit Axe
13:31 Horse Collar
14:22 Gold Mining
27:03 Imperial Age
25:35 Heavy Plow
25:53 Bow Saw
26:39 Wheelbarrow
27:40 Bloodlines
27:31 Husbandry
26:51 Light Cavalry
28:24 Scale Barding Armor
28:29 Forging
29:30 Chain Barding Armor
31:39 Farimba
33:41 Plate Barding Armor
33:41 Iron Casting
33:50 Plate Barding Armor
33:33 Hand Cart
33:09 Cavalier
|GaoeG| flamingo
11:53 Feudal Age
15:19 Castle Age
13:50 Double-Bit Axe
13:47 Horse Collar
15:08 Loom
16:54 Bow Saw
16:47 Heavy Plow
18:55 Wheelbarrow
19:56 Town Watch
23:08 Bloodlines
30:10 Imperial Age
28:13 Padded Archer Armor
28:20 Husbandry
29:29 Gold Mining
30:15 Leather Archer Armor
31:24 Conscription
32:16 Chemistry
33:34 Ring Archer Armor
34:36 Hand Cart
Makima = Mommy
8:04 Loom
9:52 Feudal Age
10:51 Horse Collar
10:56 Double-Bit Axe
16:11 Castle Age
14:56 Stone Mining
15:29 Gold Mining
16:25 Scale Mail Armor
16:41 Forging
19:21 Bow Saw
19:15 Heavy Plow
22:56 Wheelbarrow
23:31 Squires
23:17 Arson
23:56 Hand Cart
25:53 Iron Casting
25:40 Chain Mail Armor
25:36 Town Watch
28:20 Town Patrol
28:00 Hamask
33:21 Imperial Age
33:34 Imperial Age
31:18 Fletching
33:53 Onager
33:54 Capped Ram
35:11 Plate Mail Armor
35:42 Blast Furnace
34:38 Bodkin Arrow
34:51 Padded Archer Armor
35:08 Northmen's Fury
35:26 Siege Onager
37:45 Gold Shaft Mining
37:49 Stone Shaft Mining
37:01 Elite Jomsviking
38:04 Conscription
38:22 Bracer
39:41 Scale Barding Armor
39:36 Padded Archer Armor
40:56 Hoardings
Connection lost

Rejoining the realm…

Still unreachable

The connection could not be restored.

Session expired

The server has moved on; the page needs a fresh start.